 Dungeon Crawl Stone Soup version 0.28-a0-991-g956f0ee3d5 (webtiles) character file.

Game seed: 15426908706551492483

1438 horus123 the Spear-Bearer (level 8, -1/66 HPs)
             Began as a Purple Draconian Monk on Dec 5, 2021.
             Was a Believer of Lugonu.
             Slain by a wyvern (5 damage)
             ... on level 7 of the Dungeon.
             The game lasted 00:11:16 (4983 turns).

horus123 the Spear-Bearer (Purple Draconian Monk)   Turns: 4983, Time: 00:11:17

Health: -1/66      AC:  7    Str: 13    XL:     8   Next: 45%
Magic:  9/9        EV: 14    Int: 11    God:    Lugonu [**....]
Gold:   423        SH:  0    Dex: 16    Spells: 7/7 levels left

rFire   . . .      SeeInvis .   a - +2 spear (flame)
rCold   . . .      Faith    .   (no shield)
rNeg    . . .      Spirit   .   (armour unavailable)
rPois   .          Reflect  .   (helmet restricted)
rElec   .          Harm     .   o - scarf {shadows}
rCorr   .          Rampage  .   j - +0 pair of gloves
Will    +....                   (no boots)
Stlth   ++........              i - amulet of the acrobat
HPRegen 0.21/turn               (no ring)
MPRegen 0.11/turn               (no ring)

@: no status effects
A: breathe power, AC +6, unfitting armour, cold-blooded
a: Breathe Dispelling Energy, Renounce Religion, Depart the Abyss, Bend Space


You were on level 7 of the Dungeon.
You worshipped Lugonu.
Lugonu was pleased with you.
You visited 2 branches of the dungeon, and saw 8 of its levels.

You collected 423 gold pieces.

Inventory:

Hand Weapons
 a - a +2 spear of flaming (weapon)
Armour
 j - a +0 pair of gloves (worn)
 o - a scarf of shadows (worn)
Jewellery
 c - an amulet of regeneration
 i - an amulet of the acrobat (around neck)
Wands
 m - a wand of acid (13)
Scrolls
 f - a scroll of immolation
 n - a scroll of teleportation
Potions
 b - 4 potions of brilliance
 d - 2 potions of heal wounds
 e - a potion of lignification {unknown}
 g - a potion of might {unknown}
 h - 2 potions of mutation {unknown}
 k - a potion of berserk rage {unknown}
 l - a potion of magic {unknown}


   Skills:
 + Level 4.2 Fighting
 - Level 8.2 Polearms
 - Level 4.5 Dodging
 - Level 1.7 Stealth
 - Level 2.5 Invocations
 - Level 5.0 Evocations


You had 7 spell levels left.
You didn't know any spells.
Your spell library contained the following spells:

 Spells                   Type           Power      Damage    Failure   Level
 Sandblast                Erth           0%         2d4       34%         1
 Passwall                 Tmut/Erth      0%         N/A       47%         2
 Stone Arrow              Conj/Erth      0%         3d7       71%         3
 Airstrike                Air            0%         N/A       98%         4
 Summon Ice Beast         Ice/Summ       0%         N/A       98%         4
 Summon Lightning Spire   Summ/Air       0%         N/A       98%         4
 Lightning Bolt           Conj/Air       0%         1d11      100%        5
 Summon Mana Viper        Hex/Summ       0%         N/A       100%        5
 Monstrous Menagerie      Summ           0%         N/A       100%        7


Dungeon Overview and Level Annotations

Branches:
Dungeon (7/15)             Temple (1/1) D:6

Altars:
Dithmenos
Elyvilon
Fedhas
Hepliaklqana
Kikubaaqudgha
Nemelex Xobeh
Okawaru
Ru
Uskayaw
Xom
Zin
The Shining One
Lugonu

Annotations:
D:4 3 runed translucent doors, tvsian's ghost, novice HOFi


Innate Abilities, Weirdness & Mutations

You can breathe bolts of dispelling energy.
Your rich purple scales are hard. (AC +6)
You cannot fit into any form of body armour.
You are cold-blooded and may be slowed by cold attacks.


Message History

A hound and a wyvern come into view.
The wyvern hisses angrily.
You reach to attack!
You closely miss the hound.
The hound barks!
You hit the hound. You burn the hound.
Your tail-slap misses the hound.
The hound is heavily wounded.
The hound bites you.
You hit the hound. You burn the hound.
The hound is severely wounded.
The hound bites you but does no damage.
You hit the hound. You burn the hound.
You kill the hound!
Lugonu accepts your kill.
You barely miss the wyvern. The wyvern bites you!
You barely miss the wyvern. The wyvern bites you!
You hit the wyvern. You burn the wyvern.
Your tail-slap misses the wyvern.
The wyvern is moderately wounded.
The wyvern bites you!
You are too injured to fight recklessly!
You are too injured to fight recklessly!
You are too injured to fight recklessly!
You closely miss the wyvern.
The wyvern is moderately wounded.
The wyvern closely misses you.
You hit the wyvern. You burn the wyvern. You tail-slap the wyvern.
The wyvern is heavily wounded.
You hear the creaking of a portcullis very nearby.
The wyvern bites you!
* * * LOW HITPOINT WARNING * * *
You closely miss the wyvern. You tail-slap the wyvern.
The wyvern is severely wounded.
The wyvern completely misses you.
You hit the wyvern. You burn the wyvern.
Your tail-slap misses the wyvern.
The wyvern is almost dead.
The wyvern bites you!
* * * LOW HITPOINT WARNING * * *
You hit the wyvern but do no damage.
The wyvern is almost dead.
The wyvern bites you.
You die...

##.....##.# #.#
###.........
##.._.))'.#
#.#######...#...##.<
##.....####
#..............####.
##.(...##
###.##########.# #>
######### #.# #.# #.
######### #.# #<# #.
#.# #.# .. #.# #.#
.. #@# #.. .....l.#
.#######


You could see a wyvern.

Vanquished Creatures
  Duvessa (D:4)
  An orc warrior (D:6)
  A necrophage (D:5)
  4 phantoms
  A centaur (D:6)
  A kobold brigand (D:7)
  A wyvern zombie (D:6)
  3 scorpions
  Dowan (D:4)
  2 bullfrog zombies
  A centaur skeleton (D:5)
  3 hounds
  An orc wizard (D:6)
  3 gnolls (D:4)
  8 adders
  An ufetubus (D:5)
  An adder skeleton (D:4)
  A worm (D:4)
  A dart slug (D:1)
  4 orcs
  6 ball pythons
  5 endoplasms
  7 giant cockroaches
  6 goblins
  9 hobgoblins
  4 jackals (D:4)
  11 kobolds
  3 quokkas
  6 bats
  5 frilled lizards
  A quokka skeleton (D:4)
  6 rats
109 creatures vanquished.

Vanquished Creatures (others)
  An orc wizard (D:6)
1 creature vanquished.

Grand Total: 110 creatures vanquished

Notes
Turn   | Place    | Note
-------+----------+-------------------------------------------
     0 | D:1      | horus123 the Draconian Monk began the quest for the Orb.
     0 | D:1      | Reached XP level 1. HP: 19/19 MP: 1/1
   163 | D:1      | Reached XP level 2. HP: 26/26 MP: 2/2
   611 | D:1      | Reached skill level 4 in Polearms
   620 | D:1      | Found a faded altar of an unknown god.
  1005 | D:2      | Reached XP level 3. HP: 31/31 MP: 3/3
  1631 | D:3      | Reached XP level 4. HP: 37/38 MP: 4/4
  1681 | D:3      | Reached skill level 5 in Polearms
  1793 | D:3      | Noticed a phantom
  1823 | D:3      | Killed a phantom
  1824 | D:3      | Reached XP level 5. HP: 36/45 MP: 5/5
  2274 | D:4      | Reached skill level 6 in Polearms
  2294 | D:4      | Noticed Dowan
  2295 | D:4      | Noticed Duvessa
  2333 | D:4      | Killed Duvessa
  2334 | D:4      | Reached skill level 7 in Polearms
  2334 | D:4      | Reached XP level 6. HP: 18/51 MP: 6/6
  2355 | D:4      | Killed Dowan
  2599 | D:4      | Identified the +1 ring mail of the Forest {rF+ rN++ Int-5}
  2640 | D:4      | Found a runed translucent gate.
  2640 | D:4      | Found a runed translucent gate.
  2640 | D:4      | Found a runed translucent gate.
  2645 | D:4      | Noticed tvsian's ghost (novice HOFi)
  2995 | D:5      | Entered Level 5 of the Dungeon
  3026 | D:5      | Reached skill level 8 in Polearms
  3026 | D:5      | Your scales start taking on a rich purple colour.
  3026 | D:5      | Reached XP level 7. HP: 47/57 MP: 7/7
  3045 | D:5      | Found a blossoming altar of Fedhas.
  3475 | D:5      | Reached skill level 5 in Evocations
  3727 | D:5      | Found a sparkling altar of Nemelex Xobeh.
  3833 | D:6      | Reached XP level 8. HP: 16/63 MP: 8/8
  4150 | D:6      | Found a staircase to the Ecumenical Temple.
  4164 | Temple   | Entered the Ecumenical Temple
  4249 | Temple   | Became a worshipper of Lugonu the Unformed
  4249 | Temple   | Reached * piety under Lugonu
  4249 | Temple   | Reached ** piety under Lugonu
  4300 | D:6      | Reached skill level 1 in Invocations
  4808 | D:7      | Found a hide-covered altar of Uskayaw.
  4982 | D:7      | HP: 3/66 [wyvern (13)]
  4983 | D:7      | Slain by a wyvern

Illustrated notes

Levels and vault maps discovered:
D:1:      sevenhm_arrival_forest_fort_large_2, layout_basic,
          hellmonk_ecumenical_altar_arch_garden, minmay_tromino_v4_b
D:2:      layout_rooms
D:3:      layout_basic
D:4:      layout_basic, gammafunk_ghost_split, uniq_duvessa
D:5:      layout_basic, mainiacjoe_overflow_surrounded_room,
          overflow_temple_1_default, hangedman_abyss_or_decor_lesser_grid,
          serial_park_tiny_2
D:6:      layout_cave_pools, minmay_temple_entry_antechambers,
          portal_sewer_entry_f
D:7:      layout_loops_ring, nicolae_uskayaw_dance_studio, kennysheep_mini,
          enter_bailey_3, kennysheep_small_square, uniq_joseph, uniq_maggie
Temple:   corrupted_temple

Skill      XL: |  1  2  3  4  5  6  7  8 |
---------------+-------------------------+-----
Polearms       | 4 5 7 8 |  8.2
Evocations     | 5 |  5.0
Dodging        | 3 4 |  4.5
Invocations    | 2 |  2.5
Fighting       | 4 |  4.2
Stealth        | |  1.7

Action                   |  1- 3 |  4- 6 |  7- 9 || total
-------------------------+-------+-------+-------++-------
Melee: Spear             |   156 |   182 |   192 ||   530
       Tailslap          |    17 |    17 |    25 ||    59
 Abil: Breathe Dispellin |       |       |     2 ||     2
Evoke: Wand              |       |       |     1 ||     1
  Use: Scroll            |     4 |     1 |     4 ||     9
       Potion            |       |     1 |     1 ||     2
 Stab: Sleeping          |     8 |     4 |     3 ||    15
       Distracted        |       |     1 |       ||     1
Armor: Skin              |    26 |    21 |    46 ||    93
Dodge: Dodged            |    75 |    89 |    97 ||   261

Table legend: (Time is in decaauts)
 A = Elapsed time spent in this place.
 B = Non-inter-level travel time spent in this place.
 C = Inter-level travel time spent in this place.
 D = Time resting spent in this place.
 E = Time spent auto-exploring this place.
 F = Levels seen in this place.
 G = Mean time per level.
                   A        B        C        D        E       F      G
               +--------+--------+--------+--------+--------+-----+--------+
         Total |   4867 |   4729 |    138 |     31 |   3693 |   8 |  608.4 |
       Dungeon |   4766 |   4644 |    122 |     31 |   3667 |   7 |  680.9 |
        Temple |    101 |     85 |     16 |      0 |     26 |   1 |  101.0 |
               +--------+--------+--------+--------+--------+-----+--------+

Top non-repeatable levels by time:
     D:1: 989 daAuts
     D:6: 864 daAuts
     D:4: 853 daAuts
     D:5: 759 daAuts
     D:3: 600 daAuts
     D:2: 495 daAuts
     D:7: 203 daAuts
  Temple: 101 daAuts
